 Dungeon Crawl Stone Soup version 0.20-a0-11-ga97c7b5 (webtiles) character file.

102 dobroeutro the Covered (level 4, -2/29 HPs)
             Began as a Gargoyle Fighter on Nov 2, 2016.
             Slain by a gnoll
             ... wielding a +0 halberd
              (9 damage)
             ... on level 2 of the Dungeon.
             The game lasted 00:01:52 (1435 turns).

dobroeutro the Covered (Gargoyle Fighter)           Turns: 1435, Time: 00:01:52

Health: -2/29      AC: 10    Str: 22    XL:     4   Next: 78%
Magic:  4/4        EV:  4    Int:  8    God:
Gold:   72         SH:  0    Dex: 10    Spells: 0 memorised, 3 levels left

rFire  . . .     SeeInvis .     a - +0 flail
rCold  . . .     Gourm    .     b - +0 scale mail
rNeg   + . .     Faith    .     c - +0 shield
rPois  ∞         Spirit   .     (no helmet)
rElec  +         Reflect  .     (no cloak)
rCorr  .         Harm     .     (no gloves)
MR     .....                    (no boots)
Stlth  ..........               (no amulet)
                                (no ring)
                                k - +2 ring of strength

@: held, drained
A: negative energy resistance 1, electricity resistance, unbreathing,
petrification resistance, rot immunity, AC +3
a: no special abilities


You were on level 2 of the Dungeon.
You were hungry.

You visited 1 branch of the dungeon, and saw 2 of its levels.

You collected 72 gold pieces.

Inventory:

Hand Weapons
 a - a +0 flail (weapon)
Armour
 b - a +0 scale mail (worn)
 c - a +0 shield (worn)
Jewellery
 k - a +2 ring of strength (left hand)
Scrolls
 h - 4 scrolls of identify {unknown}
 j - a scroll of teleportation {unknown}
 l - a scroll of blinking {unknown}
 p - a scroll of random uselessness {unknown}
 r - a scroll of noise {unknown}
Potions
 d - 2 potions of might
 e - 2 potions of lignification {unknown}
 g - a potion of haste {unknown}
 i - a potion of curing {unknown}
 m - a potion of heal wounds {unknown}
Comestibles
 f - a bread ration
 n - a beef jerky
 o - a slice of pizza
 q - a meat ration


   Skills:
 + Level 4.0(3.2) Fighting
 * Level 3.1(2.3) Maces & Flails
 + Level 4.1(3.3) Armour
 + Level 1.3(0.6) Dodging
 - Level 3.2(2.5) Shields


You had 3 spell levels left.
You didn't know any spells.

Dungeon Overview and Level Annotations

Branches:
Dungeon (2/15)

Altars:
Ru


Innate Abilities, Weirdness & Mutations

You are resistant to torment.
Your stone body is resilient. (AC +3)
You are immune to poison.
You resist negative energy. (rN+)
You are resistant to electric shocks. (rElec)
You can survive without breathing.
You are immune to petrification.
You are immune to rotting.


Message History

The rat barely misses you. You block the gnoll's attack.
The gnoll hits you from afar with a halberd!
You barely miss the gnoll.
The gnoll is severely wounded.
You block the rat's attack. The gnoll hits you.
* * * LOW HITPOINT WARNING * * *
The gnoll hits you from afar with a halberd.
* * * LOW HITPOINT WARNING * * *
The rat bites you but does no damage.
Found a stone staircase leading up.
You are feeling hungry.
The gnoll throws a throwing net.
The throwing net hits you.
You become entangled in the net!
You see here a throwing net.
You struggle against the net.
The gnoll hits you but does no damage.
You struggle against the net.
The rat bites you but does no damage. The gnoll barely misses you.
You struggle against the net.
The gnoll hits you from afar with a halberd!
You die...

###########...#####.#.# ## #<#
#...# #.#.## .# #######.####...#
#..... .# #..........#...# #.#.#.
.# #..........#...# #.#.#.
.########..............# #.#.##
.......................## ###...
..†............r........# ####
..............gg@...#.#.# #.#
....................#.#.# #.#
..................†.#.#.#######.#
...........####.#'#)#.).((.((...#
...........####.#.#(###.#######..
................).(.....# #.#
...........####.#.#.###########.#
.(.........# .....#..........(...
...........######################


You could see 2 gnolls and a rat.

Vanquished Creatures
  A gnoll (D:2)
  3 adders (D:2)
  2 worms (D:2)
  2 dart slugs
  2 leopard geckos
  6 bats
  2 giant cockroaches
  7 goblins
  6 hobgoblins
  4 jackals (D:2)
  5 kobolds
  2 quokkas (D:2)
  4 frilled lizards
  6 rats
52 creatures vanquished.

Notes
Turn   | Place    | Note
-------+----------+-------------------------------------------
     0 | D:1      | dobroeutro the Gargoyle Fighter began the quest for the Orb.
     0 | D:1      | Reached XP level 1. HP: 14/14 MP: 1/1
     2 | D:1      | Noticed a ghoul
     4 | D:1      | Noticed an octopode
     4 | D:1      | Noticed a minotaur
     6 | D:1      | Noticed a troll
     6 | D:1      | Noticed a gargoyle
     8 | D:1      | Noticed a formicid
    10 | D:1      | Noticed a naga
    10 | D:1      | Noticed a tengu
    12 | D:1      | Noticed a dwarf
    12 | D:1      | Noticed a vine stalker
    14 | D:1      | Noticed an elf
    16 | D:1      | Noticed a spriggan
    16 | D:1      | Noticed a vampire
    18 | D:1      | Noticed a demigod
    20 | D:1      | Noticed a merfolk
    20 | D:1      | Noticed a halfling
    22 | D:1      | Noticed a felid
    22 | D:1      | Noticed a draconian
    24 | D:1      | Noticed a demonspawn
    24 | D:1      | Noticed an ogre
    26 | D:1      | Noticed a centaur
    26 | D:1      | Noticed a human
   255 | D:1      | Reached XP level 2. HP: 10/19 MP: 2/2
   518 | D:1      | Reached XP level 3. HP: 19/23 MP: 3/3
   947 | D:2      | Reached skill level 1 in Dodging
  1118 | D:2      | Reached XP level 4. HP: 28/28 MP: 4/4
  1161 | D:2      | Found a sacrificial altar of Ru.
  1435 | D:2      | Slain by a gnoll

Vault maps used:
D:1:      kb_arrival_jail, grunt_decor_arrowhead
D:2:      nicolae_ru_sacrificial_ziggurat

Skill      XL: |  1  2  3  4 |
---------------+-------------+-----
Dodging        | 1 |  1.3
Armour         | 4 |  4.1
Maces & Flails | 3 |  3.1
Fighting       | 4 |  4.0
Shields        | |  3.2

Action                   |  1- 3 |  4- 6 || total
-------------------------+-------+-------++-------
Melee: Flail             |   176 |    86 ||   262
  Eat: Chunk             |     1 |     1 ||     2
Armor: Scale mail        |   131 |    60 ||   191
Dodge: Dodged            |    86 |    32 ||   118
Block: Shield            |   115 |    67 ||   182
